 Dungeon Crawl Stone Soup version 0.24.0-125-gc4c63601f3 (console) character file.

Game seed: 670592764136756771, levelgen mode: deterministic

219 Kagalorn the Digger (level 5, 0/38 HPs)
             Began as a Gnoll Wanderer on Mar 5, 2020.
             Slain by Purgy (2 damage)
             ... in a sewer.
             The game lasted 00:08:38 (2268 turns).

Kagalorn the Digger (Gnoll Wanderer)                Turns: 2268, Time: 00:08:38

Health: 0/38       AC:  3    Str: 12    XL:     5   Next: 96%
Magic:  0/9        EV: 12    Int: 16    God:
Gold:   157        SH:  4    Dex: 16    Spells: 9/10 levels left

rFire    . . .     SeeInvis .   a - +1 dagger (drain)
rCold    . . .     Gourm    .   q - +0 buckler
rNeg     . . .     Faith    .   d - +0 robe
rPois    .         Spirit   .   (no helmet)
rElec    .         Reflect  .   (no cloak)
rCorr    .         Harm     .   p - +0 pair of gloves
MR       .....                  (no boots)
Stlth    ++........             (no amulet)
HPRegen  0.12/turn              (no ring)
MPRegen  0.11/turn              (no ring)

@: no status effects
A: distributed training, fangs 1, strong nose
a: no special abilities


You were in a sewer.
You were not hungry.

You visited 1 branch of the dungeon, and saw 4 of its levels.
You also visited: Sewer.

You collected 157 gold pieces.

Inventory:

Hand Weapons
 a - a +1 dagger of draining (weapon)
Missiles
 e - 65 stones
 o - 14 sling bullets
 t - 9 arrows
 u - 3 poisoned darts (quivered)
Armour
 d - a +0 robe (worn)
 p - a +0 pair of gloves (worn)
 q - a +0 buckler (worn)
Wands
 c - a wand of random effects (15)
Scrolls
 b - a scroll of amnesia {unknown}
 g - 3 scrolls of remove curse {unknown}
 h - 4 scrolls of identify {unknown}
 i - 2 scrolls of enchant armour {unknown}
 j - 4 scrolls of teleportation {unknown}
 k - 2 scrolls of enchant weapon {unknown}
 r - a scroll of noise {unknown}
 s - a scroll of immolation {unknown}
Potions
 l - 2 potions of degeneration {unknown}
 m - 2 potions of mutation {unknown}
 n - a potion of flight {unknown}
Comestibles
 f - 6 rations
 v - a chunk of flesh


   Skills:
 + Level 1.6 Fighting
 + Level 1.6 Short Blades
 + Level 1.6 Long Blades
 + Level 1.6 Axes
 + Level 1.6 Maces & Flails
 + Level 1.6 Polearms
 + Level 1.6 Staves
 + Level 1.6 Slings
 + Level 1.6 Bows
 + Level 1.6 Crossbows
 + Level 1.6 Throwing
 + Level 1.6 Armour
 + Level 1.6 Dodging
 + Level 1.6 Stealth
 + Level 1.6 Shields
 + Level 1.6 Unarmed Combat
 + Level 3.2 Spellcasting
 + Level 5.6 Conjurations
 + Level 1.3 Hexes
 + Level 1.3 Charms
 + Level 1.3 Summonings
 + Level 1.3 Necromancy
 + Level 1.3 Translocations
 + Level 1.3 Transmutations
 + Level 2.5 Fire Magic
 + Level 1.3 Ice Magic
 + Level 1.3 Air Magic
 + Level 5.6 Earth Magic
 + Level 1.3 Poison Magic
 + Level 1.9 Invocations
 + Level 4.8 Evocations


You had 9 spell levels left.
You knew the following spells:

 Your Spells              Type           Power        Failure   Level  Hunger
a - Magic Dart            Conj           ###.         2%          1    None

Your spell library contained the following spells:

 Spells                   Type           Power        Failure   Level  Hunger
 Searing Ray              Conj           ###...       3%          2    ##.....
 Sting                    Conj/Pois      ##..         6%          1    None
 Animate Skeleton         Necr           N/A          14%         1    None
 Pain                     Necr           #...         14%         1    None
 Dazzling Spray           Conj/Hex       ##....       17%         3    ###....
 Iskenderun's Mystic Bla  Conj           ###.....     24%         4    ####...
 Regeneration             Chrm/Necr      #.........   38%         3    ###....
 Spider Form              Tmut/Pois      #.........   38%         3    ###....
 Vampiric Draining        Necr           #.........   38%         3    ###....
 Force Lance              Conj/Tloc      ##......     50%         4    ####...
 Fulminant Prism          Conj/Hex       ##........   50%         4    ####...
 Animate Dead             Necr           N/A          80%         4    ####...


Dungeon Overview and Level Annotations

Branches:
Dungeon (4/15)              Sewer (1/1)
 Temple: D:4-7

Altars:
Gozag
Trog

Annotations:
D:3 3 runed translucent doors, Frank2's ghost, amateur DsGl; LordColdy's ghost, weakling MiBe; flt's ghost, amateur GnSk Sewer Purgy


Innate Abilities, Weirdness & Mutations

Your experience applies equally to all skills.
You have very sharp teeth.
Your uncanny sense of smell can sniff out nearby items.


Message History

Purgy barely misses you. Purgy closely misses you.
Casting: Magic Dart (safe; 2% risk of failure)
Confirm with . or Enter, or press ? or * to list all spells.
Aiming: Magic Dart (safe; 2% risk of failure)
Press: ? - help, Shift-Dir - straight line, f/p - Purgy
Aim: Purgy (severely wounded, lightly drained)
The magic dart hits Purgy.
Purgy is severely wounded.
You block Purgy's attack. x2; Purgy barely misses you.
Casting: Magic Dart (safe; 2% risk of failure)
Confirm with . or Enter, or press ? or * to list all spells.
Aiming: Magic Dart (safe; 2% risk of failure)
Press: ? - help, Shift-Dir - straight line, f/p - Purgy
Aim: Purgy (severely wounded, lightly drained)
The magic dart hits Purgy!
Purgy is almost dead.
Purgy bites you.
* * * LOW HITPOINT WARNING * * *
Purgy claws you.
You die...

∆∆ ≈≈≈≈ ≈≈≈≈ (≈≈≈≈
#.≈≈≈≈ #≈≈≈≈≈≈
###.≈≈≈≈≈≈ ##
#.T≈≈≈≈≈≈≈ ##.###
##@≈≈≈≈≈≈≈ #.∩∩.#
#.≈≈≈≈≈≈≈≈
≈≈#.≈≈≈#####.≈≈≈≈≈≈≈≈
≈≈≈.≈≈≈≈..##≈≈≈≈≈≈≈≈≈≈
≈≈≈≈≈≈≈≈≈≈≈.÷≈≈≈≈≈≈≈≈##
≈≈≈≈≈≈≈≈≈≈≈≈≈≈≈≈≈≈≈≈≈≈#
≈≈≈≈≈≈≈≈≈≈≈≈≈≈≈≈≈≈≈≈###
≈≈≈≈≈≈≈≈≈≈≈≈≈≈≈≈≈≈≈##
≈≈≈≈≈≈≈≈≈≈≈≈≈≈≈≈≈≈##


You could see Purgy.

Vanquished Creatures
  Natasha (thrice) (D:2)
  A hound skeleton (D:4)
  A gnoll (D:1)
  3 adders
  An adder skeleton (D:4)
  2 dart slugs (D:3)
  8 leopard geckos
  4 orcs (D:3)
  5 ball pythons
  7 bats
  4 giant cockroaches
  4 goblins
  5 hobgoblins
  5 jackals
  8 kobolds
  A quokka (D:3)
  9 frilled lizards
  A leopard gecko skeleton (D:4)
  9 rats
81 creatures vanquished.

Notes
Turn   | Place    | Note
-------+----------+-------------------------------------------
     0 | D:1      | Kagalorn the Gnoll Wanderer began the quest for the Orb.
     0 | D:1      | Kagalorn set off with the following items: a +0 dagger, a
                  | wand of random effects (15), a +0 robe, a ration; and the
                  | following spells available to memorise: Magic Dart, Searing
                  | Ray, Sting, Dazzling Spray, Iskenderun's Mystic Blast,
                  | Spider Form, Force Lance, Fulminant Prism
     0 | D:1      | Reached XP level 1. HP: 13/13 MP: 4/4
     2 | D:1      | Learned a level 1 spell: Magic Dart
   151 | D:1      | Reached XP level 2. HP: 17/19 MP: 3/5
   431 | D:1      | Reached XP level 3. HP: 19/25 MP: 0/7
   722 | D:2      | Found an opulent altar of Gozag.
   748 | D:2      | Noticed Natasha
   767 | D:2      | Killed Natasha
   767 | D:2      | Reached skill level 1 in Fighting
   767 | D:2      | Reached skill level 1 in Short Blades
   767 | D:2      | Reached skill level 1 in Long Blades
   767 | D:2      | Reached skill level 1 in Axes
   767 | D:2      | Reached skill level 1 in Maces & Flails
   767 | D:2      | Reached skill level 1 in Polearms
   767 | D:2      | Reached skill level 1 in Staves
   767 | D:2      | Reached skill level 1 in Slings
   767 | D:2      | Reached skill level 1 in Bows
   767 | D:2      | Reached skill level 1 in Crossbows
   767 | D:2      | Reached skill level 1 in Throwing
   767 | D:2      | Reached skill level 1 in Armour
   767 | D:2      | Reached skill level 1 in Dodging
   767 | D:2      | Reached skill level 1 in Stealth
   767 | D:2      | Reached skill level 1 in Shields
   767 | D:2      | Reached skill level 1 in Unarmed Combat
   767 | D:2      | Reached skill level 1 in Invocations
   869 | D:2      | Reached XP level 4. HP: 15/32 MP: 5/8
   991 | D:2      | Noticed Natasha
  1016 | D:2      | Killed Natasha
  1016 | D:2      | Reached skill level 1 in Hexes
  1016 | D:2      | Reached skill level 1 in Charms
  1016 | D:2      | Reached skill level 1 in Summonings
  1016 | D:2      | Reached skill level 1 in Necromancy
  1016 | D:2      | Reached skill level 1 in Translocations
  1016 | D:2      | Reached skill level 1 in Transmutations
  1016 | D:2      | Reached skill level 1 in Ice Magic
  1016 | D:2      | Reached skill level 1 in Air Magic
  1016 | D:2      | Reached skill level 1 in Poison Magic
  1288 | D:2      | Noticed Natasha
  1292 | D:2      | Killed Natasha
  1292 | D:2      | Reached XP level 5. HP: 37/37 MP: 4/9
  1468 | D:3      | Found a bloodstained altar of Trog.
  1609 | D:3      | Found a runed translucent gate.
  1609 | D:3      | Found a runed translucent gate.
  1610 | D:3      | Found a runed translucent gate.
  1615 | D:3      | Noticed LordColdy's ghost (weakling MiBe)
  1615 | D:3      | Noticed flt's ghost (amateur GnSk)
  1615 | D:3      | Noticed Frank2's ghost (amateur DsGl)
  2179 | D:4      | Found a glowing drain.
  2183 | Sewer    | Entered a sewer
  2251 | Sewer    | Noticed Purgy
  2268 | Sewer    | Slain by Purgy

Levels and vault maps discovered:
D:1:      psy_arrival_whirlpool, layout_loops_ring
D:2:      layout_rooms, lemuel_crystal_altar, uniq_natasha
D:3:      layout_rooms, gammafunk_ghost_cemetery, st_stairs_10,
          trog_butcher_becter
D:4:      layout_rooms, minmay_temple_entry_drinking_statues, first_ration,
          gup_sewer_entry_bowl
Sewer:    sewer_co_purgy_island

Skill      XL: |  1  2  3  4 |
---------------+-------------+-----
Fire Magic     | 2 |  2.5
Fighting       | 1 |  1.6
Short Blades   | 1 |  1.6
Long Blades    | 1 |  1.6
Axes           | 1 |  1.6
Maces & Flails | 1 |  1.6
Polearms       | 1 |  1.6
Staves         | 1 |  1.6
Slings         | 1 |  1.6
Bows           | 1 |  1.6
Crossbows      | 1 |  1.6
Throwing       | 1 |  1.6
Armour         | 1 |  1.6
Dodging        | 1 |  1.6
Stealth        | 1 |  1.6
Shields        | 1 |  1.6
Unarmed Combat | 1 |  1.6
Invocations    | 1 |  1.9
Spellcasting   | 3 |  3.2
Hexes          | 1 |  1.3
Charms         | 1 |  1.3
Summonings     | 1 |  1.3
Necromancy     | 1 |  1.3
Translocations | 1 |  1.3
Transmutations | 1 |  1.3
Ice Magic      | 1 |  1.3
Air Magic      | 1 |  1.3
Poison Magic   | 1 |  1.3
Conjurations   | |  5.6
Earth Magic    | |  5.6
Evocations     | |  4.8

Action                   |  1- 3 |  4- 6 || total
-------------------------+-------+-------++-------
Melee: Dagger            |    27 |   107 ||   134
       Bite              |     2 |     9 ||    11
       Punch             |       |     1 ||     1
Throw: Dart              |       |     2 ||     2
 Cast: Magic Dart        |    43 |    79 ||   122
 Stab: Sleeping          |     1 |     3 ||     4
  Eat: Chunk             |       |     5 ||     5
Armor: Robe              |     7 |    22 ||    29
Dodge: Dodged            |    27 |    62 ||    89
Block: Buckler           |       |    18 ||    18
